[Event "1st Grandiscacchi Cattolica 2022"]
[Site "Cattolica"]
[Date "2022.03.04"]
[Round "4.6"]
[White "Lodici, Lorenzo"]
[Black "Assaubayeva, Bibisara"]
[Result "1/2-1/2"]
[ECO "E71"]
[WhiteElo "2537"]
[BlackElo "2434"]
[Annotator "ChessBase"]
[PlyCount "82"]
[EventDate "2022.03.03"]
[EventType "swiss"]
[EventCountry "ITA"]
[SourceTitle "playchess.com"]
[Source "ChessBase"]
[SourceQuality "1"]
[TimeControl "5400+30"]

1. d4 Nf6 2. c4 g6 3. Nc3 Bg7 4. e4 d6 5. h3 O-O 6. Be3 e5 7. d5 Na6 8. g4 Nc5 9. f3 c6 10. Qd2 cxd5 11. cxd5 Ne8 12. Nge2 f5 13. gxf5 gxf5 14. exf5 Bxf5 15. Ng3 Bg6 16. h4 Rxf3 17. h5 Rxg3 18. hxg6 hxg6 19. O-O-O Qb6 20. Rh3 Rg4 21. Qe2 Nf6 22. Rf3 Rd4 23. Qg2 Rxd1+ 24. Kxd1 Qb4 25. Rg3 Kf7 26. Rxg6 Rg8 27. Nb5 Na4 28. Bd2 Qxb2 29. Bd3 Qa1+ 30. Ke2 Nb2 31. Nxd6+ Kf8 32. Bc2 Qxa2 33. Bb4 Qa6+ 34. Ke1 Nd3+ 35. Bxd3 Qxd3 36. Rxf6+ Bxf6 37. Nf5+ Be7 38. Bxe7+ Kf7 39. Nh6+ Kxe7 40. Nxg8+ Kd6 41. Qg7 Qe3+ 1/2-1/2

[Event "1st Grandiscacchi Cattolica 2022"]
[Site "Cattolica"]
[Date "2022.03.05"]
[Round "5.6"]
[White "Nesterov, Arseniy"]
[Black "Willow, Jonah B"]
[Result "1/2-1/2"]
[ECO "E39"]
[WhiteElo "2522"]
[BlackElo "2365"]
[Annotator "ChessBase"]
[PlyCount "81"]
[EventDate "2022.03.03"]
[EventType "swiss"]
[EventCountry "ITA"]
[SourceTitle "playchess.com"]
[Source "ChessBase"]
[SourceQuality "1"]
[TimeControl "5400+30"]

1. d4 Nf6 2. c4 e6 3. Nc3 Bb4 4. Qc2 O-O 5. Nf3 c5 6. dxc5 Na6 7. g3 Nxc5 8. Bg2 b6 9. O-O Bb7 10. Nb5 Be4 11. Qd1 Nb7 12. a3 Be7 13. Bf4 Rc8 14. Rc1 a6 15. Nd6 Nxd6 16. Bxd6 Bxd6 17. Qxd6 Rc6 18. Qd4 Qa8 19. Rfd1 Rfc8 20. Bf1 Bxf3 21. exf3 d5 22. Rc3 dxc4 23. Rxc4 b5 24. Rxc6 Qxc6 25. f4 Qd5 26. a4 h6 27. axb5 axb5 28. Qxd5 Nxd5 29. f5 Rc5 30. Re1 Nc7 31. b4 Rd5 32. Rc1 Na6 33. fxe6 fxe6 34. Rc6 Nxb4 35. Rxe6 Nc2 36. Rb6 Nd4 37. Kg2 Kf7 38. Bd3 Ke7 39. h4 Rd6 40. Rb7+ Rd7 41. Rb6 1/2-1/2

[Event "1st Grandiscacchi Cattolica 2022"]
[Site "Cattolica"]
[Date "2022.03.05"]
[Round "5.7"]
[White "Assaubayeva, Bibisara"]
[Black "Dimitrov, Radoslav"]
[Result "1/2-1/2"]
[ECO "E10"]
[WhiteElo "2434"]
[BlackElo "2487"]
[Annotator "ChessBase"]
[PlyCount "172"]
[EventDate "2022.03.03"]
[EventType "swiss"]
[EventCountry "ITA"]
[SourceTitle "playchess.com"]
[Source "ChessBase"]
[SourceQuality "1"]
[TimeControl "5400+30"]

1. d4 Nf6 2. c4 e6 3. Nf3 c5 4. d5 b5 5. e4 Nxe4 6. Bd3 Nd6 7. dxe6 dxe6 8. cxb5 a6 9. bxa6 Nxa6 10. O-O Nb4 11. Be2 Be7 12. Nc3 O-O 13. a3 Nc6 14. Bf4 Bb7 15. Rc1 Na5 16. b4 cxb4 17. axb4 Nac4 18. b5 Qa5 19. Qb3 Rfc8 20. Rfd1 Bf6 21. Bxd6 Nxd6 22. Rxd6 Rxc3 23. Rxc3 Qxc3 24. Qxc3 Bxc3 25. h4 Kf8 26. Rd7 Bd5 27. Rc7 Ba5 28. Rc1 Bb6 29. Ne5 Ke7 30. Nc6+ Kd7 31. Ne5+ Ke7 32. Nc6+ Ke8 33. Nb4 Bb7 34. Na6 Rd8 35. Rc2 Rd4 36. h5 Ra4 37. Bf3 Ra1+ 38. Kh2 Bxf3 39. gxf3 Rb1 40. h6 g6 41. Nc5 Rxb5 42. Ne4 Ke7 43. Kg2 g5 44. Rc8 Bd8 45. Ra8 Rd5 46. Ra7+ Rd7 47. Ra6 Bc7 48. Nxg5 Bf4 49. Ra5 f6 50. Nh3 Bd2 51. Rb5 Kf7 52. f4 Kg6 53. Rb6 Re7 54. Kf3 Ba5 55. Ra6 Bc7 56. Rc6 Bd8 57. Ng1 e5 58. fxe5 Rxe5 59. Ne2 Rf5+ 60. Kg2 Kxh6 61. Rd6 Bc7 62. Rc6 Be5 63. Ng3 Rf4 64. Ne2 Rg4+ 65. Kh3 Re4 66. Ng3 Rf4 67. Kg2 Kg6 68. Ne2 Rg4+ 69. Kh3 Ra4 70. Rc2 h5 71. Ng1 h4 72. Re2 Rf4 73. Re3 Bd4 74. Rf3 Rxf3+ 75. Nxf3 Bxf2 76. Kg2 Bg3 77. Nd4 Kg5 78. Kf3 Be5 79. Nc6 Bc3 80. Ne7 Be1 81. Kg2 Kg4 82. Nd5 h3+ 83. Kh1 Bh4 84. Nxf6+ Bxf6 85. Kh2 Bd4 86. Kh1 Kg3 1/2-1/2

[Event "1st Grandiscacchi Cattolica 2022"]
[Site "Cattolica"]
[Date "2022.03.05"]
[Round "5.8"]
[White "Davtyan, Artur"]
[Black "Raccanello, Marianna"]
[Result "1-0"]
[ECO "E97"]
[WhiteElo "2460"]
[BlackElo "2051"]
[Annotator "ChessBase"]
[PlyCount "67"]
[EventDate "2022.03.03"]
[EventType "swiss"]
[EventCountry "ITA"]
[SourceTitle "playchess.com"]
[Source "ChessBase"]
[SourceQuality "1"]
[TimeControl "5400+30"]

1. d4 Nf6 2. c4 g6 3. Nc3 Bg7 4. e4 d6 5. Be2 O-O 6. Nf3 e5 7. O-O Nc6 8. d5 Ne7 9. b4 a5 10. bxa5 Rxa5 11. a4 c5 12. Nd2 Ne8 13. Nb3 Ra6 14. Bd2 f5 15. a5 Nf6 16. exf5 Nxf5 17. Bd3 Nd4 18. Ne4 Nh5 19. Nxd4 cxd4 20. c5 dxc5 21. Bxa6 bxa6 22. Qb3 Bf5 23. Nxc5 Qd6 24. Ne6 Rb8 25. Qc4 Nf6 26. Nxg7 Kxg7 27. f4 Rc8 28. fxe5 Qxe5 29. Qxa6 Ne4 30. Rae1 Rd8 31. Bg5 Rxd5 32. Rxe4 Qxe4 33. Qf6+ Kg8 34. Bh6 1-0

[Event "1st Grandiscacchi Cattolica 2022"]
[Site "Cattolica"]
[Date "2022.03.05"]
[Round "6.3"]
[White "Sebenik, Matej"]
[Black "Pranav Anand"]
[Result "1/2-1/2"]
[ECO "D11"]
[WhiteElo "2510"]
[BlackElo "2436"]
[Annotator "ChessBase"]
[PlyCount "79"]
[EventDate "2022.03.03"]
[EventType "swiss"]
[EventCountry "ITA"]
[SourceTitle "playchess.com"]
[Source "ChessBase"]
[SourceQuality "1"]
[TimeControl "5400+30"]

1. d4 d5 2. Nf3 Nf6 3. e3 c6 4. Bd3 Bg4 5. Nbd2 Nbd7 6. c4 e6 7. O-O Bd6 8. b3 O-O 9. Bb2 Qe7 10. Qc2 e5 11. dxe5 Nxe5 12. Nxe5 Bxe5 13. Bxe5 Qxe5 14. h3 Bh5 15. cxd5 Qxd5 16. Ne4 Nxe4 17. Bxe4 Bg6 18. Bxg6 hxg6 19. Rad1 Qe6 20. Rd4 Rfd8 21. Rfd1 Qe7 22. Qd3 Rxd4 23. Qxd4 g5 24. g3 a5 25. Qd7 Kf8 26. Rd4 g6 27. Kf1 Re8 28. a4 Qxd7 29. Rxd7 Re7 30. Rd8+ Re8 31. Rxe8+ Kxe8 32. f4 gxf4 33. exf4 f6 34. Ke2 Ke7 35. Ke3 f5 36. g4 fxg4 37. hxg4 Kf6 38. Kd4 b6 39. Ke4 Ke6 40. Kd4 1/2-1/2

[Event "1st Grandiscacchi Cattolica 2022"]
[Site "Cattolica"]
[Date "2022.03.05"]
[Round "6.8"]
[White "Barp, Alberto"]
[Black "Van Foreest, Lucas"]
[Result "1-0"]
[ECO "E18"]
[WhiteElo "2388"]
[BlackElo "2563"]
[Annotator "ChessBase"]
[PlyCount "85"]
[EventDate "2022.03.03"]
[EventType "swiss"]
[EventCountry "ITA"]
[SourceTitle "playchess.com"]
[Source "ChessBase"]
[SourceQuality "1"]
[TimeControl "5400+30"]

1. d4 Nf6 2. c4 e6 3. Nf3 b6 4. g3 Bb7 5. Bg2 Be7 6. O-O O-O 7. Nc3 Na6 8. Ne5 Bxg2 9. Kxg2 Qc8 10. e4 Bb4 11. f3 Bxc3 12. bxc3 Kh8 13. Bg5 Ng8 14. Be3 Nb8 15. f4 Qe8 16. Qd3 d6 17. Nf3 Nc6 18. d5 Na5 19. e5 h6 20. Rae1 Rd8 21. f5 exf5 22. exd6 Qa4 23. dxc7 Rd7 24. Ne5 Rxc7 25. d6 Rcc8 26. Qxf5 Nxc4 27. Nxf7+ Rxf7 28. Qxf7 Nxd6 29. Qd5 Nb5 30. Rf4 Qa6 31. Bd4 Nxd4 32. cxd4 Nf6 33. Rxf6 gxf6 34. Qf7 b5 35. Re7 Rc2+ 36. Kh3 Qc8+ 37. Rd7 Rxh2+ 38. Kxh2 Qc2+ 39. Kh3 Qf5+ 40. Kg2 Qc2+ 41. Kf3 Qd1+ 42. Ke4 Qh1+ 43. Kf5 1-0

[Event "1st Grandiscacchi Cattolica 2022"]
[Site "Cattolica"]
[Date "2022.03.05"]
[Round "6.9"]
[White "Begmuratov, Khumoyun"]
[Black "Nesterov, Arseniy"]
[Result "0-1"]
[ECO "C00"]
[WhiteElo "2358"]
[BlackElo "2522"]
[Annotator "ChessBase"]
[PlyCount "128"]
[EventDate "2022.03.03"]
[EventType "swiss"]
[EventCountry "ITA"]
[SourceTitle "playchess.com"]
[Source "ChessBase"]
[SourceQuality "1"]
[TimeControl "5400+30"]

1. e4 e6 2. d3 d5 3. Nd2 Nf6 4. Ngf3 b6 5. c3 c5 6. g3 Be7 7. Bg2 Ba6 8. c4 O-O 9. O-O Nc6 10. b3 dxe4 11. dxe4 Qc7 12. Bb2 e5 13. Qe2 Rfd8 14. Rfd1 Nd4 15. Nxd4 cxd4 16. Nf3 Nd7 17. Ne1 Nc5 18. Qc2 Bb7 19. Ba3 Ne6 20. Bxe7 Qxe7 21. Nd3 Qd6 22. Qd2 Nc5 23. Nxc5 bxc5 24. Rab1 a5 25. a3 Bc6 26. Rb2 Rdb8 27. Rdb1 h6 28. h3 Qg6 29. Re1 Rb7 30. Kh2 Qg5 31. Qd3 Rab8 32. Reb1 Rb6 33. Qc2 h5 34. h4 Qh6 35. Qd3 Bd7 36. Bh3 Bxh3 37. Kxh3 Qd6 38. Kh2 Qc6 39. f3 Qf6 40. a4 g5 41. hxg5 Qxg5 42. Rg2 Kf8 43. Kh1 Ke7 44. Kg1 R8b7 45. Kf1 h4 46. gxh4 Qxh4 47. Ke2 Qf4 48. Rf2 Rb4 49. Kd1 Qg3 50. Re2 Qg1+ 51. Kd2 Qxb1 52. Qxb1 Rxb3 53. Qd1 Rb2+ 54. Ke1 Rb1 55. f4 exf4 56. Rf2 Rxd1+ 57. Kxd1 Rb4 58. Rxf4 Rxa4 59. e5 Rxc4 60. Rf6 Rc3 61. Ra6 Re3 62. Kd2 Rxe5 63. Kd3 f5 64. Rxa5 c4+ 0-1

[Event "1st Grandiscacchi Cattolica 2022"]
[Site "Cattolica"]
[Date "2022.03.05"]
[Round "6.10"]
[White "Willow, Jonah B"]
[Black "Nikolov, Momchil"]
[Result "1/2-1/2"]
[ECO "A46"]
[WhiteElo "2365"]
[BlackElo "2501"]
[Annotator "ChessBase"]
[PlyCount "79"]
[EventDate "2022.03.03"]
[EventType "swiss"]
[EventCountry "ITA"]
[SourceTitle "playchess.com"]
[Source "ChessBase"]
[SourceQuality "1"]
[TimeControl "5400+30"]

1. Nf3 Nf6 2. g3 b5 3. Bg2 Bb7 4. O-O c5 5. d4 e6 6. Nbd2 cxd4 7. Nb3 Be7 8. Nbxd4 a6 9. a4 b4 10. a5 O-O 11. Nb3 Be4 12. Nbd2 Bb7 13. Nc4 Bc5 14. Be3 Bxe3 15. Nxe3 Nc6 16. Nc4 d5 17. Nce5 Rc8 18. Nxc6 Bxc6 19. Nd4 Bd7 20. f4 Rc5 21. Qd2 Qb8 22. e3 Rfc8 23. Rfc1 h6 24. Qd3 Qb7 25. Bf1 Ra8 26. Qb3 Rc7 27. c3 bxc3 28. Rxc3 Ne4 29. Qxb7 Rxb7 30. Rb3 Rxb3 31. Nxb3 Nd6 32. Nd4 Nc4 33. e4 Nxb2 34. exd5 exd5 35. Bg2 Rb8 36. Rb1 Rb4 37. Nc2 Rb5 38. Nd4 Rb4 39. Nc2 Rb5 40. Nd4 1/2-1/2

[Event "1st Grandiscacchi Cattolica 2022"]
[Site "Cattolica"]
[Date "2022.03.06"]
[Round "7.4"]
[White "Nesterov, Arseniy"]
[Black "Akshat, Khamparia"]
[Result "1-0"]
[ECO "D10"]
[WhiteElo "2522"]
[BlackElo "2390"]
[Annotator "ChessBase"]
[PlyCount "87"]
[EventDate "2022.03.03"]
[EventType "swiss"]
[EventCountry "ITA"]
[SourceTitle "playchess.com"]
[Source "ChessBase"]
[SourceQuality "1"]
[TimeControl "5400+30"]

1. d4 d5 2. c4 dxc4 3. e4 b5 4. a4 c6 5. Nc3 b4 6. Na2 Nf6 7. e5 Nd5 8. Bxc4 e6 9. Nf3 Ba6 10. Qd3 Bxc4 11. Qxc4 Be7 12. O-O O-O 13. Bd2 a5 14. Nc1 Qb6 15. Bg5 Na6 16. Nb3 Rfd8 17. Rac1 h6 18. Bxe7 Nxe7 19. Qc2 Rd5 20. Nfd2 Qd8 21. Ne4 c5 22. dxc5 Rxe5 23. Rfd1 Qc7 24. Nd6 Qc6 25. h4 Qxa4 26. Nc4 Rxc5 27. Nxc5 Qxc2 28. Rxc2 Nxc5 29. Nb6 Rb8 30. Rxc5 Rxb6 31. Rd7 Nd5 32. Rxa5 Rb8 33. Raa7 Rf8 34. h5 Nf6 35. Rdb7 Nxh5 36. Rxb4 g5 37. Rba4 Kg7 38. Ra8 Nf4 39. b4 Nd5 40. b5 Rxa8 41. Rxa8 Kf6 42. Ra7 h5 43. Rd7 Nb6 44. Rd6 1-0

[Event "1st Grandiscacchi Cattolica 2022"]
[Site "Cattolica"]
[Date "2022.03.06"]
[Round "7.5"]
[White "Davtyan, Artur"]
[Black "Sebenik, Matej"]
[Result "1/2-1/2"]
[ECO "D15"]
[WhiteElo "2460"]
[BlackElo "2510"]
[Annotator "ChessBase"]
[PlyCount "64"]
[EventDate "2022.03.03"]
[EventType "swiss"]
[EventCountry "ITA"]
[SourceTitle "playchess.com"]
[Source "ChessBase"]
[SourceQuality "1"]
[TimeControl "5400+30"]

1. d4 d5 2. c4 c6 3. Nf3 Nf6 4. Nc3 a6 5. c5 g6 6. Bf4 Nh5 7. Bg5 h6 8. Bd2 Bg7 9. h3 O-O 10. Qc1 Kh7 11. e4 dxe4 12. Nxe4 Be6 13. Nc3 Bd5 14. Nxd5 cxd5 15. Bd3 Nc6 16. O-O Nxd4 17. Nxd4 Bxd4 18. Bxh6 Re8 19. Qg5 e5 20. Qxh5 e4 21. Qd1 exd3 22. Qxd3 Bxc5 23. Bd2 Qd6 24. Qf3 Kg8 25. Rad1 Re4 26. Bc3 Rae8 27. Rd3 Qe6 28. Rfd1 Re2 29. Qxd5 Bxf2+ 30. Kh2 Qxd5 31. Rxd5 R2e3 32. Rg5 Be1 1/2-1/2

[Event "1st Grandiscacchi Cattolica 2022"]
[Site "Cattolica"]
[Date "2022.03.06"]
[Round "7.8"]
[White "Nikolov, Momchil"]
[Black "Lodici, Lorenzo"]
[Result "0-1"]
[ECO "A61"]
[WhiteElo "2501"]
[BlackElo "2537"]
[Annotator "ChessBase"]
[PlyCount "92"]
[EventDate "2022.03.03"]
[EventType "swiss"]
[EventCountry "ITA"]
[SourceTitle "playchess.com"]
[Source "ChessBase"]
[SourceQuality "1"]
[TimeControl "5400+30"]

1. d4 Nf6 2. c4 e6 3. Nf3 c5 4. d5 exd5 5. cxd5 d6 6. Nc3 g6 7. h3 a6 8. a4 Qe7 9. Bf4 Bg7 10. e3 Nbd7 11. Be2 O-O 12. O-O Rb8 13. Bh2 Ne8 14. Nd2 f5 15. Nc4 b6 16. Qc2 Ne5 17. Rab1 Nxc4 18. Bxc4 Nc7 19. b4 Bd7 20. bxc5 bxc5 21. Ne2 a5 22. Nf4 Rb4 23. Nd3 Bxa4 24. Qa2 Bb5 25. Bxb5 Nxb5 26. Qxa5 Rxb1 27. Rxb1 Nc3 28. Re1 Nxd5 29. Qa6 Rd8 30. Rb1 Qe4 31. Rc1 Nc3 32. Kh1 g5 33. Bg3 Qd5 34. Qb6 Rd7 35. Nb2 Kf7 36. Ra1 Ne4 37. Rd1 Qb7 38. Qxb7 Rxb7 39. Nc4 Ke6 40. Kh2 d5 41. Nd2 Nxd2 42. Rxd2 Rb2 43. Rd3 Be5 44. Bxe5 Kxe5 45. Kg3 Ke4 46. Ra3 f4+ 0-1

[Event "1st Grandiscacchi Cattolica 2022"]
[Site "Cattolica"]
[Date "2022.03.06"]
[Round "7.9"]
[White "Kamalidenova, Meruert"]
[Black "Mirzoev, Emil"]
[Result "1-0"]
[ECO "C70"]
[WhiteElo "2362"]
[BlackElo "2460"]
[Annotator "ChessBase"]
[PlyCount "127"]
[EventDate "2022.03.03"]
[EventType "swiss"]
[EventCountry "ITA"]
[SourceTitle "playchess.com"]
[Source "ChessBase"]
[SourceQuality "1"]
[TimeControl "5400+30"]

1. e4 e5 2. Nf3 Nc6 3. Bb5 a6 4. Ba4 Bc5 5. O-O d6 6. c3 Bd7 7. d4 Ba7 8. Bg5 f6 9. Be3 Nge7 10. b4 O-O 11. Bb3+ Kh8 12. dxe5 fxe5 13. Ng5 Qe8 14. Ne6 Bxe6 15. Bxe6 Bxe3 16. fxe3 Qg6 17. Qg4 Rxf1+ 18. Kxf1 Qxg4 19. Bxg4 Ng8 20. Nd2 Nf6 21. Be6 a5 22. b5 Nd8 23. Bb3 g6 24. a4 Kg7 25. Ke2 Kf8 26. h3 Ke7 27. g4 Ne6 28. Bxe6 Kxe6 29. c4 Rh8 30. Rc1 b6 31. Rf1 g5 32. Kd3 h5 33. Rf5 hxg4 34. hxg4 Rh2 35. Nf3 Ra2 36. Rxg5 Ra3+ 37. Ke2 Ra2+ 38. Kd3 Ra3+ 39. Ke2 Nxe4 40. Rg7 Rxa4 41. Rxc7 Ra2+ 42. Kd3 Nf2+ 43. Kc3 Nxg4 44. Ng5+ Kf5 45. Nf7 Nxe3 46. Nxd6+ Ke6 47. Rc6 a4 48. Rxb6 a3 49. Kd3 Nf5 50. Ne4+ Ke7 51. Ra6 Nd4 52. Nc3 Ra1 53. Ke4 Nb3 54. Kxe5 Rc1 55. Nd5+ Kd8 56. Rxa3 Nd2 57. Ra8+ Kd7 58. Ra4 Nb3 59. Ra7+ Kc8 60. Ne7+ Kb8 61. Nc6+ Kc8 62. b6 Re1+ 63. Kf4 Rf1+ 64. Kg3 1-0

[Event "1st Grandiscacchi Cattolica 2022"]
[Site "Cattolica"]
[Date "2022.03.06"]
[Round "7.10"]
[White "Assaubayeva, Bibisara"]
[Black "Willow, Jonah B"]
[Result "0-1"]
[ECO "D24"]
[WhiteElo "2434"]
[BlackElo "2365"]
[Annotator "ChessBase"]
[PlyCount "58"]
[EventDate "2022.03.03"]
[EventType "swiss"]
[EventCountry "ITA"]
[SourceTitle "playchess.com"]
[Source "ChessBase"]
[SourceQuality "1"]
[TimeControl "5400+30"]

1. d4 Nf6 2. c4 e6 3. Nf3 d5 4. Nc3 dxc4 5. Bg5 a6 6. e4 b5 7. e5 h6 8. Bh4 g5 9. Nxg5 hxg5 10. Bxg5 Nbd7 11. exf6 Bb7 12. Qd2 Nxf6 13. f3 Be7 14. O-O-O Qd7 15. Bxf6 Bxf6 16. Ne4 Bxe4 17. fxe4 Rd8 18. d5 c3 19. bxc3 b4 20. cxb4 Qd6 21. Bc4 Qe5 22. Qc2 Rh4 23. Rhe1 Rxh2 24. Re2 Kf8 25. Qb3 Rh4 26. Kb1 c6 27. Rde1 cxd5 28. Bxa6 Rxe4 29. Re3 Rd7 0-1